 Dungeon Crawl Stone Soup version 0.21.1-1-g345015f (webtiles) character file.

96 nicolaieve the Chopper (level 4, -1/40 HPs)
             Began as a Minotaur Berserker on June 14, 2018.
             Was a Believer of Trog.
             Slain by a centaur (6 damage)
             ... on level 3 of the Dungeon.
             The game lasted 00:05:25 (1775 turns).

nicolaieve the Chopper (Minotaur Berserker)         Turns: 1775, Time: 00:05:26

Health: -1/40      AC:  7    Str: 21    XL:     4   Next: 41%
Magic:  3/3        EV: 10    Int:  4    God:    Trog [**....]
Gold:   67         SH:  0    Dex: 11    Spells: 3/3 levels left

rFire    . . .     SeeInvis .   a - +0 hand axe
rCold    . . .     Gourm    .   (no shield)
rNeg     . . .     Faith    .   d - +0 scale mail
rPois    .         Spirit   .   (helmet restricted)
rElec    .         Reflect  .   (no cloak)
rCorr    .         Harm     .   (no gloves)
MR       ++...                  q - +0 pair of boots
Stlth    ..........             (no amulet)
HPRegen  1.13/turn              (no ring)
MPRegen  0.08/turn              (no ring)

@: regenerating
A: retaliatory headbutt, horns 2
a: Berserk, Trog's Hand, Burn Spellbooks, Renounce Religion


You were on level 3 of the Dungeon.
You worshipped Trog.
Trog was pleased with you.
You were not hungry.

You visited 1 branch of the dungeon, and saw 3 of its levels.

You collected 67 gold pieces.

Inventory:

Hand Weapons
 a - a +0 hand axe (weapon)
Armour
 b - a +0 animal skin
 d - a +0 scale mail (worn)
 f - a +0 leather armour
 i - a +0 ring mail
 k - a +0 leather armour of magic resistance
 q - a +0 pair of boots (worn)
Scrolls
 e - a scroll of enchant armour {unknown}
 h - a scroll of teleportation {unknown}
 j - a scroll of enchant weapon {unknown}
 l - a scroll of magic mapping {unknown}
 n - a scroll of identify {unknown}
 p - a scroll of remove curse {unknown}
 r - a scroll of noise {unknown}
Potions
 g - a potion of curing {unknown}
 m - a potion of degeneration {unknown}
 o - a potion of brilliance {unknown}
Comestibles
 c - 4 rations


   Skills:
 - Level 3.6 Fighting
 + Level 6.3 Axes
 - Level 2.4 Armour
 - Level 2.2 Dodging


You had 3 spell levels left.
You didn't know any spells.

Dungeon Overview and Level Annotations

Branches:
Dungeon (3/15)

Altars:


Innate Abilities, Weirdness & Mutations

You reflexively headbutt those who attack you in melee.
You have a pair of horns on your head.


Message History

You hit the centaur. Your headbutt misses the centaur.
The centaur is moderately wounded.
You closely miss the orc wizard.
The orc wizard hits you but does no damage.
The centaur hits you.
* * * LOW HITPOINT WARNING * * *
The orc wizard mumbles some strange words.
The orc wizard flickers and vanishes!
Deactivating autopickup; reactivate with Ctrl-A.
You hit the centaur but do no damage. You headbutt the centaur!
The centaur is severely wounded.
You closely miss something.
You feel sick.
You are no longer poisoned.
The centaur hits you.
* * * LOW HITPOINT WARNING * * *
Something hits you but does no damage. The centaur closely misses you.
Your skin crawls.
You feel resistant to hostile enchantments.
You feel somewhat more hungry. The centaur hits you.
You die...

#.# #.. #.# .. ##
#.# ... # #.##.#
..# .#..#...#
..##
....<.?{#####.#
#.. ########
#c@)....# #.#
........
#.##########.#
>######
#....).......#
...######.#
############.#
##...<....# #..#
...######## #..#
.######### ###
#..## .........#
##.########...##
########.#
##..............#


You could see a centaur.

Vanquished Creatures
  5 adders
  An ooze (D:2)
  A worm (D:2)
  4 leopard geckos
  2 orcs (D:3)
  2 giant cockroaches
  A goblin (D:2)
  6 hobgoblins
  A quokka (D:2)
  4 bats (D:1)
  7 frilled lizards
  4 kobolds
  7 rats
45 creatures vanquished.

Notes
Turn   | Place    | Note
-------+----------+-------------------------------------------
     0 | D:1      | nicolaieve the Minotaur Berserker began the quest for the Orb.
     0 | D:1      | Reached XP level 1. HP: 19/19 MP: 0/0
   101 | D:1      | Reached skill level 4 in Axes
   145 | D:1      | Reached XP level 2. HP: 27/27 MP: 1/1
   703 | D:2      | Reached skill level 5 in Axes
   703 | D:2      | Reached XP level 3. HP: 26/33 MP: 2/2
   995 | D:2      | Reached ** piety under Trog
  1097 | D:2      | Reached XP level 4. HP: 40/40 MP: 3/3
  1663 | D:3      | Reached skill level 6 in Axes
  1766 | D:3      | Noticed a centaur
  1775 | D:3      | Slain by a centaur

Skill      XL: |  1  2  3  4 |
---------------+-------------+-----
Axes           | 4 5 6 |  6.3
Fighting       | |  3.6
Armour         | |  2.4
Dodging        | |  2.2

Action                   |  1- 3 |  4- 6 || total
-------------------------+-------+-------++-------
Melee: Hand axe          |    64 |    31 ||    95
       Headbutt          |     7 |     7 ||    14
Invok: Trog's Hand       |       |     1 ||     1
  Eat: Chunk             |     1 |     2 ||     3
Armor: Ring mail         |    14 |       ||    14
       Scale mail        |       |    17 ||    17
Dodge: Dodged            |    52 |    21 ||    73
